 Dungeon Crawl Stone Soup version 0.20-a0-1026-gc3ddcbd (webtiles) character file.

93 Gorglomux the Chopper (level 4, -5/61 HPs)
             Began as a Minotaur Berserker on Apr 20, 2017.
             Was a Follower of Trog.
             Slain by a nine-headed hydra (12 damage)
             ... on level 1 of the Dungeon.
             The game lasted 00:03:02 (5881 turns).

Gorglomux the Chopper (Minotaur Berserker)          Turns: 5881, Time: 00:03:03

Health: -5/61      AC:  2    Str: 27    XL:     4   Next: 37%
Magic:  3/3        EV: 12    Int:  4    God:    Trog [*.....]
Gold:   37         SH:  0    Dex: 10    Spells: 3/3 levels left

rFire    . . .     SeeInvis .   a - +0 hand axe
rCold    . . .     Gourm    .   (no shield)
rNeg     . . .     Faith    .   b - +0 animal skin
rPois    .         Spirit   .   (helmet restricted)
rElec    .         Reflect  .   (no cloak)
rCorr    .         Harm     .   (no gloves)
MR       .....                  (no boots)
Stlth    ..........             (no amulet)
Regen    0.2/turn               (no ring)
MPRegen  0.1/turn               (no ring)

@: berserking, very quick
A: retaliatory headbutt, horns 2
a: Berserk, Burn Spellbooks, Renounce Religion


You were on level 1 of the Dungeon.
You worshipped Trog.
Trog was aware of your devotion.
You were not hungry.

You visited 1 branch of the dungeon, and saw 1 of its levels.

You collected 37 gold pieces.

Inventory:

Hand Weapons
 a - a +0 hand axe (weapon)
Armour
 b - a +0 animal skin (worn)
Scrolls
 i - 3 scrolls of identify {unknown}
 k - a scroll of random uselessness {unknown}
Potions
 d - a potion of curing {unknown}
 e - a potion of brilliance {unknown}
 h - a potion of haste {unknown}
 j - a potion of lignification {unknown}
Comestibles
 f - 2 fruits


   Skills:
 + Level 4.6 Fighting
 * Level 5.6 Axes
 - Level 2.4 Armour
 - Level 2.1 Dodging


You had 3 spell levels left.
You didn't know any spells.

Dungeon Overview and Level Annotations

Branches:
Dungeon (1/15)

Altars:
Cheibriados


Innate Abilities, Weirdness & Mutations

You reflexively headbutt those who attack you in melee.
You have a pair of horns on your head.


Message History

You see here a robe.
You see here a dagger.
You see here a stone.
A bat comes into view.
A bat is nearby!
A bat is nearby!
A bat is nearby!
A bat is nearby!
A bat is nearby!
No target in view!
No target in view!
No target in view!
No target in view!
No target in view!
The bat hits you.
You take 1 damage, and have 40/41 hp.
You hit the bat. Your headbutt misses the bat.
The bat hits you but does no damage. The bat hits you.
You take 1 damage, and have 39/41 hp.
You hit the bat.
You kill the bat!
Trog accepts your kill.
No target in view!
No target in view!
You see here a dagger.
There is an open door here.
You are starving!
You need to eat something NOW!
You eat the bread ration {@e1@e1}.
That bread ration really hit the spot!
Found a staircase leading out of the dungeon.
Health restored: 41
There is an open door here.
There is an open door here.
There is an open door here.
You see here a flail.
You see here a leather armour.
A rat comes into view.
A rat is nearby!
A rat is nearby!
A rat is nearby!
A rat is nearby!
You see here a club.
You barely miss the rat. The rat barely misses you.
You hit the rat.
You kill the rat!
Trog accepts your kill.
No target in view!
No target in view!
You see here a rat corpse.
You butcher the rat corpse.
c - a chunk of flesh {@w0@w0} You see here a dagger.
You enter the shallow water.
Moving in this stuff is going to be slow.
Done exploring.
Level map cleared.
You see here 10 stones.
You see here 24 sling bullets.
Found a stone staircase leading down.
Things that are here:
a dagger; 2 stones All of the chunks of flesh in your inventory have rotted away.
You see here a stone.
Found a snail-covered altar of Cheibriados.
You see here 15 stones.
Found a stone staircase leading down.
Found a stone staircase leading down.
A seven-headed hydra comes into view.
The seven-headed hydra roars!
A seven-headed hydra is nearby!
A seven-headed hydra is nearby!
A seven-headed hydra is nearby!
You aren't carrying any items that you can evoke.
Unknown command.
A red film seems to cover your vision as you go berserk!
You feel yourself moving faster!
You feel mighty!
You feel a lot more hungry.
You now have 61/61 hp.
You feel a strong urge to attack something.
You lop one of the seven-headed hydra's heads off!
The six-headed hydra grows two more!
You slash the eight-headed hydra!
Your headbutt misses the eight-headed hydra.
You hack one of the eight-headed hydra's heads off!
The seven-headed hydra grows two more!
You slice the nine-headed hydra!!
The nine-headed hydra closely misses you.
You furiously retaliate!
You headbutt the nine-headed hydra. The nine-headed hydra bites you.
The nine-headed hydra misses you. The nine-headed hydra bites you. x2
The nine-headed hydra barely misses you.
The nine-headed hydra bites you! x3
* * * LOW HITPOINT WARNING * * *
You take 46 damage, and have 15/61 hp.
MASSIVE DAMAGE!!
Unknown command.
Unknown command.
Unknown command.
You barely miss the nine-headed hydra. The nine-headed hydra bites you!
* * * LOW HITPOINT WARNING * * *
The nine-headed hydra bites you!
You die...

#.# #.# #.#.###..###.####.###.#
#># #.####.#.# #..###.# #.###.#
#.# #.#......# #...##.# #.#....
#.# #.#.##.#.# #...##.# #.#.#.#
##.###.#.##.#.###...##.####.#....
#......#>##.#.##...............#.
#..#####.##.#.##..)............).
#..#####.##....#..........#####'#
#............#..@D.....####***#.#
#.##########...#......## ***,,...
#.# ##.##.....## **,,,,,.. #.#
#.##.....# **,,,,***# ..#
#.###)...# *,,,****** .## #.#
#)..##**,,**,,,,, .# #.# #...#
*,,,*,,§≈,§ .# #.###...#
*,,**,≈≈,,, .# #...[...#
*,,**,≈≈,<,


You could see a nine-headed hydra.

Vanquished Creatures
  An orc wizard (D:1)
  2 adders (D:1)
  2 dart slugs (D:1)
  2 leopard geckos (D:1)
  2 orcs (D:1)
  4 bats (D:1)
  A giant cockroach (D:1)
  5 goblins (D:1)
  8 hobgoblins (D:1)
  A frilled lizard (D:1)
  4 kobolds (D:1)
  12 rats (D:1)
44 creatures vanquished.

Notes
Turn   | Place    | Note
-------+----------+-------------------------------------------
     0 | D:1      | Gorglomux the Minotaur Berserker began the quest for the Orb.
     0 | D:1      | Reached XP level 1. HP: 19/19 MP: 0/0
   157 | D:1      | Found a snail-covered altar of Cheibriados.
   218 | D:1      | Reached skill level 4 in Axes
   254 | D:1      | Reached XP level 2. HP: 23/27 MP: 1/1
   705 | D:1      | Reached skill level 4 in Fighting
  2041 | D:1      | Found a snail-covered altar of Cheibriados.
  2090 | D:1      | Reached XP level 3. HP: 28/33 MP: 2/2
  2611 | D:1      | Found a snail-covered altar of Cheibriados.
  3000 | D:1      | Reached ** piety under Trog
  3000 | D:1      | Reached skill level 5 in Axes
  3014 | D:1      | Found a snail-covered altar of Cheibriados.
  3638 | D:1      | Found a snail-covered altar of Cheibriados.
  3899 | D:1      | Reached XP level 4. HP: 32/41 MP: 3/3
  3997 | D:1      | Found a snail-covered altar of Cheibriados.
  4773 | D:1      | Found a snail-covered altar of Cheibriados.
  5033 | D:1      | Found a snail-covered altar of Cheibriados.
  5782 | D:1      | Found a snail-covered altar of Cheibriados.
  5875 | D:1      | Noticed a seven-headed hydra
  5880 | D:1      | HP: 15/61 [nine-headed hydra (17)]
  5881 | D:1      | HP: 7/61 [nine-headed hydra (8)]
  5881 | D:1      | Slain by a nine-headed hydra

Vault maps used:
D:1:      dpeg_arrival_concentric_ovals, minivault_4, cheibriados_altar_1

Skill      XL: |  1  2  3 |
---------------+----------+-----
Axes           | 4 5 |  5.6
Fighting       | 4 |  4.6
Armour         | |  2.4
Dodging        | |  2.1

Action                   |  1- 3 |  4- 6 || total
-------------------------+-------+-------++-------
Melee: Hand axe          |    66 |    10 ||    76
       Headbutt          |     9 |     1 ||    10
Invok: Berserk           |     1 |     1 ||     2
  Eat: Bread ration      |     1 |     1 ||     2
       Chunk             |     5 |     3 ||     8
Armor: Animal skin       |    12 |     1 ||    13
Dodge: Dodged            |    39 |     9 ||    48

Vault maps used:
D:1:      dpeg_arrival_concentric_ovals, minivault_4, cheibriados_altar_1

Table legend:
 A = Turns spent in this place as a percentage of turns spent in the entire game.
 B = Non-inter-level travel turns spent in this place as a percentage of non-inter-level travel turns spent in the entire game.
 C = Inter-level travel turns spent in this place as a percentage of turns spent in this place.
 D = Turns resting spent in this place as a percentage of non-inter-level travel turns spent in this place.
 E = Turns spent auto-exploring this place as a percentage of non-inter-level travel turns spent in this place.
 F = Non-inter-level travel turns spent in this place divided by the number of levels of this place that you've seen.
                   A       B       C       D       E      F
               +-------+-------+-------+-------+-------+----------------------
         Total | 100.0 | 100.0 |   0.0 |   3.4 |  19.8 | 656.0
       Dungeon | 100.0 | 100.0 |   0.0 |   3.4 |  19.8 | 656.0
               +-------+-------+-------+-------+-------+----------------------

Table legend:
 A = Kills in this place as a percentage of kills in entire the game.
 B = Kills by you in this place as a percentage of kills by you in the entire game.
 C = Kills by friends in this place as a percentage of kills by friends in the entire game.
 D = Other kills in this place as a percentage of other kills in the entire game.
 E = Experience gained in this place as a percentage of experience gained in the entire game.
 F = Experience gained in this place divided by the number of levels of this place that you have seen.
                   A       B       C       D       E      F
               +-------+-------+-------+-------+-------+----------------------
         Total | 100.0 | 100.0 |  -nan |  -nan | 100.0 | 134.0
       Dungeon | 100.0 | 100.0 |  -nan |  -nan | 100.0 | 134.0
               +-------+-------+-------+-------+-------+----------------------
